MapleLeafs vs Canadiens

Created - 30 janvier 2019 at 23:12

Goals
1 2 3 T
MapleLeafs 3 0 0 3
Canadiens 3 0 1 4
Shots
1 2 3 T
MapleLeafs 13 16 18 47
Canadiens 15 8 3 26

1st period

1. Canadiens , Auston Matthews 15 (Ron Hainsey 10, Alexander Edler 17) at 2:03
2. MapleLeafs , Dmitry Kulikov 1 (Leo Komarov 14, Nolan Patrick 10) at 5:36
3. Canadiens , Jakob Silfverberg 9 (Ivan Provorov 24, John Tavares 14) at 5:44
4. Canadiens , Jordan Eberle 16 (Teuvo Teravainen 12, Ivan Provorov 25) at 10:43 (PP)
5. MapleLeafs , Alex DeBrincat 12 (Dmitry Kulikov 9, Cal Clutterbuck 17) at 13:04
6. MapleLeafs , Zack Kassian 4 (Nolan Patrick 11) at 16:11

Penalties :
Antti Niemi (TOR) for Slashing (Minor) at 1:19 - Travis Hamonic served the penalty., Jakob Silfverberg (MTL) for High sticking (Minor) at 1:52, Travis Hamonic (TOR) for Interference (Minor) at 8:59, Peter Holland (TOR) for High sticking (Minor) at 16:26, Ivan Provorov (MTL) for Roughing (Minor) at 19:21

2nd period

No Goal

Penalties :
Justin Abdelkader (MTL) for Hooking (Minor) at 3:07, Josh Morrissey (MTL) for Goalie Interference (Minor) at 8:54

3rd period

7. Canadiens , Jakob Silfverberg 10 (Brian Gibbons 6, Ivan Provorov 26) at 10:48 (SH)

Penalties :
Craig Smith (TOR) for Slashing (Minor) at 0:03, Jordan Eberle (MTL) for Interference (Minor) at 6:28, Jamie Oleksiak (TOR) for Hooking (Minor) at 6:28, Josh Morrissey (MTL) for Tripping (Minor) at 9:46, Jordan Eberle (MTL) for Hooking (Minor) at 16:52, Michael Stone (MTL) for Tripping (Minor) at 18:55

Goalie Stats

Antti Niemi (TOR), 22 saves from 26 shots - (0.846), L, 22-18-2, 59:01 minutes
Jonathan Bernier (MTL), 44 saves from 47 shots - (0.936), W, 6-0-0, 60:00 minutes

Players Stats for MapleLeafs

Player Name              G  A  P  +/- PIM S  H  SB GA TA FO     MP     PP MP  PK MP  
------------------------------------------------------------------------------------
Adam Henrique            0  0  0  -3  0   4  0  1  0  0  26/41  25:14   5:49   3:49 
Alex DeBrincat           1  0  1   1  0   4  0  0  0  0  1/4    18:05   5:43   0:34 
Anthony Duclair          0  0  0   0  0   0  1  0  0  0  0/0     4:55   0:00   0:00 
Beau Bennett             0  0  0   0  0   1  1  0  0  0  0/1     4:55   0:00   0:00 
Cal Clutterbuck          0  1  1   1  0   2  2  0  0  0  0/0    12:57   0:00   0:52 
Craig Smith              0  0  0  -2  2   2  0  0  0  0  0/5    16:23   5:49   1:25 
Dmitry Kulikov           1  1  2   1  0   4  0  0  0  0  0/0    20:50   4:39   2:42 
Ivan Barbashev           0  0  0   0  0   0  0  0  0  0  0/0     0:38   0:00   0:13 
Jamie Oleksiak           0  0  0   0  2   1  0  1  0  0  0/0    15:33   0:00   1:20 
Karl Alzner              0  0  0  -1  0   1  2  2  0  0  0/0    24:56   6:53   3:33 
Leo Komarov              0  1  1   2  0   2  3  1  0  0  1/2    21:20   5:43   2:01 
Mikhail Sergachev        0  0  0  -1  0   1  0  1  0  0  0/0    14:42   0:00   0:00 
Nolan Patrick            0  2  2   2  0   4  0  0  0  0  19/28  19:19   5:43   0:00 
Patrick Marleau          0  0  0  -3  0   6  1  0  0  0  0/3    20:38   5:49   3:36 
Peter Holland            0  0  0   1  2   4  0  0  0  0  8/15   11:47   0:00   0:00 
Radko Gudas              0  0  0   1  0   3  6  3  0  0  0/0    20:50   4:39   2:42 
Travis Hamonic           0  0  0   0  2   6  1  1  0  0  0/0    23:07   6:53   2:13 
Zack Kassian             1  0  1   2  0   2  2  0  0  0  0/0    14:07   0:00   0:00 

Players Stats for Canadiens

Player Name              G  A  P  +/- PIM S  H  SB GA TA FO     MP     PP MP  PK MP  
------------------------------------------------------------------------------------
Alexander Edler          0  1  1   0  0   1  3  2  0  0  0/0    25:40   3:32   7:13 
Artturi Lehkonen         0  0  0   0  0   0  0  0  0  0  1/2     5:44   0:00   0:00 
Auston Matthews          1  0  1  -2  0   5  1  0  0  0  9/20   18:11   3:09   0:00 
Brian Gibbons            0  1  1   1  0   2  0  0  0  0  0/0    14:12   0:00   6:26 
Cam Fowler               0  0  0  -1  0   0  0  6  0  0  0/0    20:17   0:00   6:43 
Ivan Provorov            0  3  3   0  2   1  4  2  0  0  0/0    23:36   3:32   4:06 
Jakob Silfverberg        2  0  2   2  2   5  1  0  0  0  0/1    16:12   3:05   0:37 
John Tavares             0  1  1   1  0   2  0  0  0  0  12/20  16:47   3:06   0:00 
Jordan Eberle            1  0  1  -2  4   2  2  0  0  0  1/1    17:16   3:09   0:00 
Josh Morrissey           0  0  0   0  4   1  3  2  0  0  0/0    14:00   2:43   0:00 
Justin Abdelkader        0  0  0   0  2   2  0  0  0  0  0/0     7:45   0:00   0:00 
Marcus Johansson         0  0  0   1  0   1  0  0  0  0  2/5    14:43   3:06   0:00 
Matt Calvert             0  0  0   0  0   1  0  0  0  0  0/0    10:31   0:00   4:47 
Michael Stone            0  0  0   0  2   0  1  0  0  0  0/0    13:22   0:00   0:00 
Nick Shore               0  0  0   0  0   1  0  0  0  0  10/23  12:11   0:00   6:27 
Ron Hainsey              0  1  1   1  0   1  0  1  0  0  0/0    23:01   2:43   5:02 
Teuvo Teravainen         0  1  1  -3  0   1  0  0  0  0  0/3    18:54   3:09   0:00 
Zack Smith               0  0  0   0  0   0  0  1  0  0  9/24   12:33   0:00   4:47 

3 Stars

1 - Jakob Silfverberg (MTL)
2 - Ivan Provorov (MTL)
3 - Jonathan Bernier (MTL)

Power Play

MapleLeafs - 0 on 7 Attempt(s) - 0.00%
Canadiens - 1 on 4 Attempt(s) - 25.00%

Penalty Kill

MapleLeafs - 3 on 4 Attempt(s) - 75.00% - Score 0 goal in Penalty Kill
Canadiens - 7 on 7 Attempt(s) - 100.00% - Score 1 goal in Penalty Kill

Team Stat

MapleLeafs - Hits : 19 - Faceoff Wins : 55 - Blocked Shots : 10 - Penalty Minutes : 10
Canadiens - Hits : 15 - Faceoff Wins : 44 - Blocked Shots : 14 - Penalty Minutes : 16

Official

Referees : Chris Rooney and Dave Lewis
Linesman : Mark Shewchyk and Devin Berg

Game Notes

No Game Note

Finance

Level 1 -- Attendance: 5989 (92.14%) -- Ticket Income 658 790 $
Level 2 -- Attendance: 4467 (89.34%) -- Ticket Income 335 025 $
Level 3 -- Attendance: 3403 (97.23%) -- Ticket Income 187 165 $
Level 4 -- Attendance: 3018 (57.08%) -- Ticket Income 90 540 $
Luxury Box -- Attendance: 1000 (100.00%) -- Ticket Income 199 000 $
Game was played at the Bell Centre.
Total Attendance: 17877 (83.98%)
Total Ticket Income: 1 470 520 $
Other Income: 720 555 $
Total Income: 2 191 075 $

% Time on Ice - MapleLeafs

Lines # - Real PCT - Wanted PCT - Time Play
Normal Forward
1 - 22% - 38% - 8:29
2 - 35% - 30% - 13:36
3 - 30% - 20% - 11:48
4 - 13% - 12% - 4:55
Normal Defense
1 - 35% - 44% - 13:38
2 - 28% - 30% - 10:56
3 - 37% - 26% - 14:14
4 - 0% - 0% - 0:00
PP Forward
1 - 50% - 60% - 5:49
2 - 50% - 40% - 5:43
PP Defense
1 - 60% - 60% - 6:53
2 - 40% - 40% - 4:39
PK Forward
1 - 68% - 60% - 4:14
2 - 32% - 40% - 2:01
PK Defense
1 - 57% - 60% - 3:33
2 - 43% - 40% - 2:42
PK3 Forward
1 - 0% - 60%
2 - 0% - 40%
PK3 Defense
1 - 0% - 60%
2 - 0% - 40%
44 Forward
1 - 80% - 60% - 2:44
2 - 20% - 40% - 0:41
44 Defense
1 - 25% - 60% - 0:52
2 - 75% - 40% - 2:33
Last Minute Offensive  - 0:00
Last Minute Defensive  - 0:00
Total
Forward - 60:00
Defense - 60:00

% Time on Ice - Canadiens

Lines # - Real PCT - Wanted PCT - Time Play
Normal Forward
1 - 35% - 40% - 13:41
2 - 30% - 30% - 11:37
3 - 20% - 20% - 7:46
4 - 15% - 10% - 5:44
Normal Defense
1 - 35% - 35% - 13:34
2 - 36% - 35% - 13:55
3 - 29% - 25% - 11:19
4 - 0% - 5% - 0:00
PP Forward
1 - 50% - 65% - 3:09
2 - 50% - 35% - 3:06
PP Defense
1 - 57% - 50% - 3:32
2 - 43% - 50% - 2:43
PK Forward
1 - 59% - 55% - 6:45
2 - 41% - 45% - 4:47
PK Defense
1 - 56% - 55% - 6:30
2 - 44% - 45% - 5:02
PK3 Forward
1 - 0% - 60%
2 - 0% - 40%
PK3 Defense
1 - 0% - 55%
2 - 0% - 45%
44 Forward
1 - 40% - 50% - 1:21
2 - 60% - 50% - 2:04
44 Defense
1 - 40% - 50% - 1:21
2 - 60% - 50% - 2:04
Last Minute Offensive  - 0:00
Last Minute Defensive  - 0:00
Total
Forward - 60:00
Defense - 60:00

Play-by-Play

1st period


0:01 of 1st period - Adam Henrique wins face-off versus Auston Matthews in neutral zone.
0:04 of 1st period - Shot by Adam Henrique.
0:04 of 1st period - Shot Misses the Net.
0:06 of 1st period - Shot by Karl Alzner.
0:06 of 1st period - Shot Blocked by Cam Fowler.
0:08 of 1st period - Shot by Patrick Marleau.
0:08 of 1st period - Shot Misses the Net.
0:10 of 1st period - Shot by Adam Henrique.
0:10 of 1st period - Stopped by Jonathan Bernier without a rebound.
0:11 of 1st period - John Tavares wins face-off versus Nolan Patrick in Canadiens zone.
0:11 of 1st period - John Tavares is hit by Leo Komarov.
0:27 of 1st period - Shot by Marcus Johansson.
0:27 of 1st period - Shot Blocked by Radko Gudas.
0:41 of 1st period - Shot by Zack Kassian.
0:41 of 1st period - Shot Misses the Net.
0:43 of 1st period - Shot by Dmitry Kulikov.
0:43 of 1st period - Stopped by Jonathan Bernier without a rebound.
0:44 of 1st period - Peter Holland wins face-off versus Zack Smith in Canadiens zone.
0:45 of 1st period - Shot by Alex DeBrincat.
0:45 of 1st period - Stopped by Jonathan Bernier without a rebound.
0:46 of 1st period - Peter Holland wins face-off versus Auston Matthews in Canadiens zone.
1:11 of 1st period - Shot by Peter Holland.
1:11 of 1st period - Stopped by Jonathan Bernier without a rebound.
1:12 of 1st period - Zack Smith wins face-off versus Adam Henrique in Canadiens zone.
1:19 of 1st period - Shot by Brian Gibbons.
1:19 of 1st period - Stopped by Antti Niemi without a rebound.
1:19 of 1st period - Minor Penalty to Antti Niemi for Slashing.
1:20 of 1st period - John Tavares wins face-off versus Adam Henrique in MapleLeafs zone.
1:27 of 1st period - Shot by Alexander Edler.
1:27 of 1st period - Shot Misses the Net.
1:52 of 1st period - Minor Penalty to Jakob Silfverberg for High sticking.
1:53 of 1st period - Auston Matthews wins face-off versus Adam Henrique in Canadiens zone.
2:03 of 1st period - Shot by Auston Matthews.
2:03 of 1st period - Goal by Auston Matthews - MapleLeafs : 0 - Canadiens : 1.
2:04 of 1st period - Adam Henrique wins face-off versus John Tavares in neutral zone.
2:06 of 1st period - Patrick Marleau is hit by Michael Stone and loses puck.
2:13 of 1st period - Shot by Adam Henrique.
2:13 of 1st period - Shot Misses the Net.
2:15 of 1st period - Shot by Adam Henrique.
2:15 of 1st period - Shot Misses the Net.
2:17 of 1st period - Shot by Patrick Marleau.
2:17 of 1st period - Shot Misses the Net.
2:19 of 1st period - Shot by Patrick Marleau.
2:19 of 1st period - Stopped by Jonathan Bernier without a rebound.
2:20 of 1st period - Auston Matthews wins face-off versus Craig Smith in Canadiens zone.
2:36 of 1st period - Shot by Alexander Edler.
2:36 of 1st period - Stopped by Antti Niemi without a rebound.
2:37 of 1st period - Adam Henrique wins face-off versus John Tavares in MapleLeafs zone.
2:55 of 1st period - Teuvo Teravainen is hit by Radko Gudas and loses puck.
3:01 of 1st period - John Tavares is hit by Radko Gudas and loses puck.
4:11 of 1st period - Shot by Mikhail Sergachev.
4:11 of 1st period - Stopped by Jonathan Bernier without a rebound.
4:12 of 1st period - Zack Smith wins face-off versus Peter Holland in Canadiens zone.
4:12 of 1st period - Zack Smith is hit by Cal Clutterbuck.
5:18 of 1st period - Shot by Jordan Eberle.
5:18 of 1st period - Shot Misses the Net.
5:26 of 1st period - Shot by Zack Kassian.
5:26 of 1st period - Shot Misses the Net.
5:34 of 1st period - Shot by Leo Komarov.
5:34 of 1st period - Shot Misses the Net.
5:36 of 1st period - Shot by Dmitry Kulikov.
5:36 of 1st period - Goal by Dmitry Kulikov - MapleLeafs : 1 - Canadiens : 1.
5:37 of 1st period - John Tavares wins face-off versus Adam Henrique in neutral zone.
5:44 of 1st period - Shot by Jakob Silfverberg.
5:44 of 1st period - Goal by Jakob Silfverberg - MapleLeafs : 1 - Canadiens : 2.
5:45 of 1st period - Adam Henrique wins face-off versus John Tavares in neutral zone.
6:45 of 1st period - Icing by Alexander Edler.
6:46 of 1st period - Nick Shore wins face-off versus Alex DeBrincat in Canadiens zone.
7:05 of 1st period - Shot by Nick Shore.
7:05 of 1st period - Stopped by Antti Niemi without a rebound.
7:06 of 1st period - Nolan Patrick wins face-off versus Teuvo Teravainen in MapleLeafs zone.
7:06 of 1st period - Nolan Patrick is hit by Jordan Eberle.
7:30 of 1st period - Zack Kassian is hit by Auston Matthews and loses puck.
7:52 of 1st period - Icing by Radko Gudas.
7:53 of 1st period - Nolan Patrick wins face-off versus Zack Smith in MapleLeafs zone.
8:21 of 1st period - Icing by Travis Hamonic.
8:22 of 1st period - Adam Henrique wins face-off versus Marcus Johansson in MapleLeafs zone.
8:42 of 1st period - John Tavares is hit by Travis Hamonic.
8:50 of 1st period - Shot by John Tavares.
8:50 of 1st period - Shot Misses the Net.
8:52 of 1st period - Shot by John Tavares.
8:52 of 1st period - Stopped by Antti Niemi with a rebound.
8:54 of 1st period - Shot by Ivan Provorov.
8:54 of 1st period - Shot Blocked by Karl Alzner.
8:59 of 1st period - Minor Penalty to Travis Hamonic for Interference.
9:00 of 1st period - Adam Henrique wins face-off versus Auston Matthews in MapleLeafs zone.
9:17 of 1st period - Shot by Jordan Eberle.
9:17 of 1st period - Stopped by Antti Niemi without a rebound.
9:18 of 1st period - Adam Henrique wins face-off versus Auston Matthews in MapleLeafs zone.
9:33 of 1st period - Shot by Auston Matthews.
9:33 of 1st period - Shot Blocked by Radko Gudas.
9:45 of 1st period - Shot by Auston Matthews.
9:45 of 1st period - Shot Blocked by Karl Alzner.
9:47 of 1st period - Shot by Ivan Provorov.
9:47 of 1st period - Shot Misses the Net.
9:53 of 1st period - Shot by Ivan Provorov.
9:53 of 1st period - Stopped by Antti Niemi without a rebound.
9:54 of 1st period - John Tavares wins face-off versus Leo Komarov in MapleLeafs zone.
10:01 of 1st period - Shot by Jakob Silfverberg.
10:01 of 1st period - Stopped by Antti Niemi without a rebound.
10:02 of 1st period - John Tavares wins face-off versus Adam Henrique in MapleLeafs zone.
10:18 of 1st period - Jakob Silfverberg is hit by Radko Gudas and loses puck.
10:23 of 1st period - Shot by John Tavares.
10:23 of 1st period - Stopped by Antti Niemi without a rebound.
10:24 of 1st period - Auston Matthews wins face-off versus Craig Smith in MapleLeafs zone.
10:33 of 1st period - Shot by Alexander Edler.
10:33 of 1st period - Shot Misses the Net.
10:35 of 1st period - Shot by Ivan Provorov.
10:35 of 1st period - Shot Blocked by Jamie Oleksiak.
10:43 of 1st period - Shot by Jordan Eberle.
10:43 of 1st period - Goal by Jordan Eberle - MapleLeafs : 1 - Canadiens : 3.
10:44 of 1st period - Zack Smith wins face-off versus Peter Holland in neutral zone.
10:49 of 1st period - Icing by Dmitry Kulikov.
10:50 of 1st period - Peter Holland wins face-off versus John Tavares in MapleLeafs zone.
11:07 of 1st period - Shot by John Tavares.
11:07 of 1st period - Shot Misses the Net.
11:09 of 1st period - Shot by Jakob Silfverberg.
11:09 of 1st period - Shot Misses the Net.
11:11 of 1st period - Shot by John Tavares.
11:11 of 1st period - Deflect By Marcus Johansson.
11:11 of 1st period - Stopped by Antti Niemi without a rebound.
11:12 of 1st period - Auston Matthews wins face-off versus Adam Henrique in MapleLeafs zone.
11:13 of 1st period - Shot by Ivan Provorov.
11:13 of 1st period - Shot Misses the Net.
11:21 of 1st period - Shot by Patrick Marleau.
11:21 of 1st period - Shot Blocked by Ron Hainsey.
11:23 of 1st period - Shot by Craig Smith.
11:23 of 1st period - Stopped by Jonathan Bernier without a rebound.
11:24 of 1st period - Zack Smith wins face-off versus Nolan Patrick in Canadiens zone.
11:24 of 1st period - Zack Smith is hit by Leo Komarov.
11:32 of 1st period - Shot by Justin Abdelkader.
11:32 of 1st period - Stopped by Antti Niemi without a rebound.
11:33 of 1st period - Auston Matthews wins face-off versus Adam Henrique in MapleLeafs zone.
11:40 of 1st period - Shot by Auston Matthews.
11:40 of 1st period - Shot Blocked by Travis Hamonic.
11:42 of 1st period - Shot by Cam Fowler.
11:42 of 1st period - Shot Blocked by Adam Henrique.
12:03 of 1st period - Icing by Travis Hamonic.
12:04 of 1st period - Adam Henrique wins face-off versus Zack Smith in MapleLeafs zone.
12:19 of 1st period - Off-side.
12:20 of 1st period - Nolan Patrick wins face-off versus John Tavares in neutral zone.
12:40 of 1st period - Shot by Nolan Patrick.
12:40 of 1st period - Shot Blocked by Josh Morrissey.
12:42 of 1st period - Shot by Leo Komarov.
12:42 of 1st period - Deflect By Nolan Patrick.
12:42 of 1st period - Stopped by Jonathan Bernier without a rebound.
12:43 of 1st period - Peter Holland wins face-off versus Auston Matthews in Canadiens zone.
12:46 of 1st period - Shot by Alex DeBrincat.
12:46 of 1st period - Shot Misses the Net.
13:04 of 1st period - Shot by Alex DeBrincat.
13:04 of 1st period - Goal by Alex DeBrincat - MapleLeafs : 2 - Canadiens : 3.
13:05 of 1st period - Adam Henrique wins face-off versus Artturi Lehkonen in neutral zone.
13:08 of 1st period - Alexander Edler is hit by Patrick Marleau and loses puck.
13:13 of 1st period - Shot by Craig Smith.
13:13 of 1st period - Shot Misses the Net.
13:15 of 1st period - Shot by Travis Hamonic.
13:15 of 1st period - Stopped by Jonathan Bernier without a rebound.
13:16 of 1st period - Auston Matthews wins face-off versus Nolan Patrick in Canadiens zone.
13:50 of 1st period - Shot by Zack Kassian.
13:50 of 1st period - Shot Misses the Net.
13:52 of 1st period - Shot by Leo Komarov.
13:52 of 1st period - Shot Misses the Net.
14:13 of 1st period - Shot by Craig Smith.
14:13 of 1st period - Shot Misses the Net.
14:15 of 1st period - Shot by Karl Alzner.
14:15 of 1st period - Stopped by Jonathan Bernier without a rebound.
14:16 of 1st period - John Tavares wins face-off versus Peter Holland in Canadiens zone.
14:32 of 1st period - Icing by Jakob Silfverberg.
14:33 of 1st period - Adam Henrique wins face-off versus John Tavares in Canadiens zone.
14:41 of 1st period - Off-side.
14:42 of 1st period - Adam Henrique wins face-off versus Zack Smith in neutral zone.
15:57 of 1st period - Icing by Leo Komarov.
15:58 of 1st period - Nolan Patrick wins face-off versus Auston Matthews in MapleLeafs zone.
16:11 of 1st period - Shot by Zack Kassian.
16:11 of 1st period - Goal by Zack Kassian - MapleLeafs : 3 - Canadiens : 3.
16:12 of 1st period - Alex DeBrincat wins face-off versus Nick Shore in neutral zone.
16:26 of 1st period - Minor Penalty to Peter Holland for High sticking.
16:27 of 1st period - Adam Henrique wins face-off versus Auston Matthews in MapleLeafs zone.
16:42 of 1st period - Shot by Josh Morrissey.
16:42 of 1st period - Stopped by Antti Niemi without a rebound.
16:43 of 1st period - John Tavares wins face-off versus Adam Henrique in MapleLeafs zone.
16:51 of 1st period - Icing by Jakob Silfverberg.
16:52 of 1st period - Marcus Johansson wins face-off versus Adam Henrique in Canadiens zone.
18:19 of 1st period - Shot by Auston Matthews.
18:19 of 1st period - Stopped by Antti Niemi without a rebound.
18:20 of 1st period - John Tavares wins face-off versus Craig Smith in MapleLeafs zone.
18:20 of 1st period - John Tavares is hit by Radko Gudas.
18:56 of 1st period - Off-side.
18:57 of 1st period - Zack Smith wins face-off versus Nolan Patrick in neutral zone.
19:20 of 1st period - Nolan Patrick is hit by Ivan Provorov and loses puck.
19:21 of 1st period - Minor Penalty to Ivan Provorov for Roughing.
19:22 of 1st period - Adam Henrique wins face-off versus Nick Shore in Canadiens zone.
19:25 of 1st period - Shot by Craig Smith.
19:25 of 1st period - Shot Misses the Net.
19:59 of 1st period - Icing by Travis Hamonic.
Goals for this period are 3 for MapleLeafs vs 3 for Canadiens.
Shots for this period are 13 for MapleLeafs vs 15 for Canadiens.

2nd period


0:01 of 2nd period - Nick Shore wins face-off versus Patrick Marleau in neutral zone.
0:13 of 2nd period - Shot by Patrick Marleau.
0:13 of 2nd period - Stopped by Jonathan Bernier without a rebound.
0:14 of 2nd period - Nolan Patrick wins face-off versus Nick Shore in Canadiens zone.
1:13 of 2nd period - Shot by Travis Hamonic.
1:13 of 2nd period - Shot Blocked by Cam Fowler.
1:15 of 2nd period - Shot by Adam Henrique.
1:15 of 2nd period - Shot Misses the Net.
1:17 of 2nd period - Shot by Adam Henrique.
1:17 of 2nd period - Stopped by Jonathan Bernier without a rebound.
1:18 of 2nd period - Adam Henrique wins face-off versus Zack Smith in Canadiens zone.
1:25 of 2nd period - Auston Matthews is hit by Anthony Duclair and loses puck.
1:44 of 2nd period - Shot by Auston Matthews.
1:44 of 2nd period - Shot Misses the Net.
1:46 of 2nd period - Shot by Michael Stone.
1:46 of 2nd period - Shot Blocked by Mikhail Sergachev.
1:48 of 2nd period - Shot by Josh Morrissey.
1:48 of 2nd period - Shot Misses the Net.
2:20 of 2nd period - Shot by Cal Clutterbuck.
2:20 of 2nd period - Shot Misses the Net.
2:24 of 2nd period - Shot by Cal Clutterbuck.
2:24 of 2nd period - Shot Blocked by Ivan Provorov.
2:44 of 2nd period - Shot by Cal Clutterbuck.
2:44 of 2nd period - Deflect By Peter Holland.
2:44 of 2nd period - Stopped by Jonathan Bernier without a rebound.
2:45 of 2nd period - Nolan Patrick wins face-off versus Zack Smith in Canadiens zone.
2:57 of 2nd period - Zack Kassian is hit by Alexander Edler and loses puck.
3:03 of 2nd period - Alexander Edler is hit by Radko Gudas and loses puck.
3:07 of 2nd period - Minor Penalty to Justin Abdelkader for Hooking.
3:08 of 2nd period - Adam Henrique wins face-off versus Nick Shore in Canadiens zone.
3:09 of 2nd period - Shot by Patrick Marleau.
3:09 of 2nd period - Shot Misses the Net.
3:25 of 2nd period - Shot by Craig Smith.
3:25 of 2nd period - Shot Misses the Net.
3:27 of 2nd period - Shot by Travis Hamonic.
3:27 of 2nd period - Stopped by Jonathan Bernier without a rebound.
3:28 of 2nd period - Nolan Patrick wins face-off versus Zack Smith in Canadiens zone.
3:44 of 2nd period - Shot by Nolan Patrick.
3:44 of 2nd period - Shot Misses the Net.
4:04 of 2nd period - Shot by Radko Gudas.
4:04 of 2nd period - Stopped by Jonathan Bernier without a rebound.
4:05 of 2nd period - Nick Shore wins face-off versus Adam Henrique in Canadiens zone.
4:20 of 2nd period - Shot by Patrick Marleau.
4:20 of 2nd period - Stopped by Jonathan Bernier without a rebound.
4:21 of 2nd period - Adam Henrique wins face-off versus Zack Smith in Canadiens zone.
4:21 of 2nd period - Craig Smith is hit by Ivan Provorov and loses puck.
4:37 of 2nd period - Icing by Craig Smith.
4:38 of 2nd period - Zack Smith wins face-off versus Patrick Marleau in MapleLeafs zone.
5:02 of 2nd period - Zack Smith is hit by Karl Alzner and loses puck.
5:27 of 2nd period - Leo Komarov is hit by Jordan Eberle and loses puck.
6:04 of 2nd period - John Tavares is hit by Leo Komarov and loses puck.
6:12 of 2nd period - Icing by Marcus Johansson.
6:13 of 2nd period - John Tavares wins face-off versus Peter Holland in Canadiens zone.
6:22 of 2nd period - Jamie Oleksiak is hit by Josh Morrissey.
6:25 of 2nd period - Icing by Alex DeBrincat.
6:26 of 2nd period - Peter Holland wins face-off versus Zack Smith in MapleLeafs zone.
6:44 of 2nd period - Zack Smith is hit by Cal Clutterbuck and loses puck.
6:53 of 2nd period - Shot by Cal Clutterbuck.
6:53 of 2nd period - Stopped by Jonathan Bernier without a rebound.
6:54 of 2nd period - Adam Henrique wins face-off versus Auston Matthews in Canadiens zone.
6:59 of 2nd period - Shot by Patrick Marleau.
6:59 of 2nd period - Stopped by Jonathan Bernier without a rebound.
7:00 of 2nd period - Adam Henrique wins face-off versus Auston Matthews in Canadiens zone.
7:19 of 2nd period - Shot by Auston Matthews.
7:19 of 2nd period - Stopped by Antti Niemi with a rebound.
7:21 of 2nd period - Shot by Ivan Provorov.
7:21 of 2nd period - Shot Misses the Net.
7:23 of 2nd period - Shot by Teuvo Teravainen.
7:23 of 2nd period - Shot Misses the Net.
7:25 of 2nd period - Shot by Auston Matthews.
7:25 of 2nd period - Stopped by Antti Niemi with a rebound.
7:48 of 2nd period - Ivan Provorov is hit by Zack Kassian and loses puck.
8:05 of 2nd period - Shot by Nolan Patrick.
8:05 of 2nd period - Stopped by Jonathan Bernier with a rebound.
8:07 of 2nd period - Shot by Leo Komarov.
8:07 of 2nd period - Shot Misses the Net.
8:09 of 2nd period - Shot by Zack Kassian.
8:09 of 2nd period - Stopped by Jonathan Bernier without a rebound.
8:10 of 2nd period - Peter Holland wins face-off versus Zack Smith in Canadiens zone.
8:14 of 2nd period - Alex DeBrincat is hit by Josh Morrissey and loses puck.
8:35 of 2nd period - Shot by Alex DeBrincat.
8:35 of 2nd period - Shot Blocked by Josh Morrissey.
8:46 of 2nd period - Alex DeBrincat is hit by Josh Morrissey and loses puck.
8:54 of 2nd period - Minor Penalty to Josh Morrissey for Goalie Interference.
8:55 of 2nd period - Adam Henrique wins face-off versus Nick Shore in Canadiens zone.
9:02 of 2nd period - Shot by Patrick Marleau.
9:02 of 2nd period - Stopped by Jonathan Bernier with a rebound.
9:04 of 2nd period - Shot by Travis Hamonic.
9:04 of 2nd period - Stopped by Jonathan Bernier without a rebound.
9:05 of 2nd period - Nick Shore wins face-off versus Adam Henrique in Canadiens zone.
9:33 of 2nd period - Shot by Patrick Marleau.
9:33 of 2nd period - Shot Misses the Net.
9:35 of 2nd period - Shot by Travis Hamonic.
9:35 of 2nd period - Shot Blocked by Ivan Provorov.
10:27 of 2nd period - Shot by Radko Gudas.
10:27 of 2nd period - Stopped by Jonathan Bernier without a rebound.
10:28 of 2nd period - Nolan Patrick wins face-off versus Zack Smith in Canadiens zone.
10:40 of 2nd period - Icing by Leo Komarov.
10:41 of 2nd period - Nolan Patrick wins face-off versus Nick Shore in MapleLeafs zone.
11:04 of 2nd period - Shot by Adam Henrique.
11:04 of 2nd period - Shot Misses the Net.
11:37 of 2nd period - Josh Morrissey is hit by Beau Bennett and loses puck.
12:00 of 2nd period - Shot by Peter Holland.
12:00 of 2nd period - Shot Misses the Net.
12:27 of 2nd period - Icing by Karl Alzner.
12:28 of 2nd period - John Tavares wins face-off versus Peter Holland in MapleLeafs zone.
12:43 of 2nd period - Shot by Jakob Silfverberg.
12:43 of 2nd period - Stopped by Antti Niemi without a rebound.
12:44 of 2nd period - Nolan Patrick wins face-off versus Nick Shore in MapleLeafs zone.
13:02 of 2nd period - Shot by Nolan Patrick.
13:02 of 2nd period - Deflect By Leo Komarov.
13:02 of 2nd period - Shot Misses the Net.
13:10 of 2nd period - Shot by Nolan Patrick.
13:10 of 2nd period - Shot Misses the Net.
13:12 of 2nd period - Shot by Leo Komarov.
13:12 of 2nd period - Stopped by Jonathan Bernier without a rebound.
13:13 of 2nd period - Adam Henrique wins face-off versus John Tavares in Canadiens zone.
13:13 of 2nd period - Mikhail Sergachev is hit by Alexander Edler and loses puck.
13:28 of 2nd period - Shot by Cam Fowler.
13:28 of 2nd period - Shot Misses the Net.
13:30 of 2nd period - Shot by Cam Fowler.
13:30 of 2nd period - Shot Misses the Net.
13:32 of 2nd period - Shot by Marcus Johansson.
13:32 of 2nd period - Deflect By Jakob Silfverberg.
13:32 of 2nd period - Stopped by Antti Niemi with a rebound.
13:34 of 2nd period - Shot by Jakob Silfverberg.
13:34 of 2nd period - Shot Hit the Post.
13:36 of 2nd period - Shot by Alexander Edler.
13:36 of 2nd period - Shot Misses the Net.
13:46 of 2nd period - Icing by Cam Fowler.
13:47 of 2nd period - Nolan Patrick wins face-off versus Marcus Johansson in Canadiens zone.
13:47 of 2nd period - Leo Komarov is hit by Alexander Edler.
14:01 of 2nd period - Shot by Leo Komarov.
14:01 of 2nd period - Shot Blocked by Cam Fowler.
14:23 of 2nd period - Shot by Zack Smith.
14:23 of 2nd period - Shot Misses the Net.
14:25 of 2nd period - Shot by Brian Gibbons.
14:25 of 2nd period - Stopped by Antti Niemi without a rebound.
14:26 of 2nd period - Peter Holland wins face-off versus Teuvo Teravainen in MapleLeafs zone.
14:37 of 2nd period - Shot by Alex DeBrincat.
14:37 of 2nd period - Shot Misses the Net.
14:39 of 2nd period - Shot by Peter Holland.
14:39 of 2nd period - Stopped by Jonathan Bernier with a rebound.
15:01 of 2nd period - Shot by Peter Holland.
15:01 of 2nd period - Stopped by Jonathan Bernier without a rebound.
15:02 of 2nd period - Adam Henrique wins face-off versus Zack Smith in Canadiens zone.
17:03 of 2nd period - Icing by Dmitry Kulikov.
17:04 of 2nd period - Auston Matthews wins face-off versus Peter Holland in MapleLeafs zone.
17:44 of 2nd period - Shot by Auston Matthews.
17:44 of 2nd period - Stopped by Antti Niemi with a rebound.
18:04 of 2nd period - Shot by Matt Calvert.
18:04 of 2nd period - Stopped by Antti Niemi without a rebound.
18:05 of 2nd period - Zack Smith wins face-off versus Nolan Patrick in MapleLeafs zone.
18:37 of 2nd period - Shot by Zack Smith.
18:37 of 2nd period - Shot Misses the Net.
18:48 of 2nd period - Icing by Leo Komarov.
18:49 of 2nd period - Leo Komarov wins face-off versus Nick Shore in MapleLeafs zone.
19:37 of 2nd period - Icing by Zack Kassian.
19:38 of 2nd period - Nolan Patrick wins face-off versus Auston Matthews in MapleLeafs zone.
19:53 of 2nd period - Shot by Ron Hainsey.
19:53 of 2nd period - Stopped by Antti Niemi without a rebound.
19:54 of 2nd period - John Tavares wins face-off versus Craig Smith in MapleLeafs zone.
Goals for this period are 0 for MapleLeafs vs 0 for Canadiens.
Shots for this period are 16 for MapleLeafs vs 8 for Canadiens.

3rd period


0:01 of 3rd period - Adam Henrique wins face-off versus Teuvo Teravainen in neutral zone.
0:03 of 3rd period - Minor Penalty to Craig Smith for Slashing.
0:04 of 3rd period - Adam Henrique wins face-off versus Auston Matthews in MapleLeafs zone.
0:14 of 3rd period - Josh Morrissey is hit by Radko Gudas and loses puck.
2:04 of 3rd period - Icing by Dmitry Kulikov.
2:05 of 3rd period - Nolan Patrick wins face-off versus Zack Smith in MapleLeafs zone.
2:20 of 3rd period - Shot by Justin Abdelkader.
2:20 of 3rd period - Stopped by Antti Niemi without a rebound.
2:21 of 3rd period - Nick Shore wins face-off versus Alex DeBrincat in MapleLeafs zone.
3:11 of 3rd period - Jordan Eberle is hit by Karl Alzner and loses puck.
3:53 of 3rd period - Shot by John Tavares.
3:53 of 3rd period - Shot Misses the Net.
4:56 of 3rd period - Shot by Patrick Marleau.
4:56 of 3rd period - Deflect By Craig Smith.
4:56 of 3rd period - Stopped by Jonathan Bernier with a rebound.
5:04 of 3rd period - Shot by Patrick Marleau.
5:04 of 3rd period - Stopped by Jonathan Bernier without a rebound.
5:05 of 3rd period - Artturi Lehkonen wins face-off versus Nolan Patrick in Canadiens zone.
5:05 of 3rd period - Artturi Lehkonen is hit by Zack Kassian.
5:10 of 3rd period - Icing by Nick Shore.
5:11 of 3rd period - Nick Shore wins face-off versus Craig Smith in Canadiens zone.
5:42 of 3rd period - Shot by Patrick Marleau.
5:42 of 3rd period - Shot Misses the Net.
6:28 of 3rd period - Minor Penalty to Jordan Eberle for Interference.
6:28 of 3rd period - Minor Penalty to Jamie Oleksiak for Hooking.
6:29 of 3rd period - John Tavares wins face-off versus Adam Henrique in MapleLeafs zone.
6:32 of 3rd period - Shot by Teuvo Teravainen.
6:32 of 3rd period - Deflect By John Tavares.
6:32 of 3rd period - Shot Misses the Net.
6:44 of 3rd period - Shot by Teuvo Teravainen.
6:44 of 3rd period - Deflect By John Tavares.
6:44 of 3rd period - Shot Misses the Net.
7:14 of 3rd period - Shot by Auston Matthews.
7:14 of 3rd period - Shot Misses the Net.
7:19 of 3rd period - Icing by Radko Gudas.
7:20 of 3rd period - Auston Matthews wins face-off versus Patrick Marleau in MapleLeafs zone.
9:17 of 3rd period - Shot by Alex DeBrincat.
9:17 of 3rd period - Shot Misses the Net.
9:19 of 3rd period - Shot by Alex DeBrincat.
9:19 of 3rd period - Shot Blocked by Cam Fowler.
9:21 of 3rd period - Shot by Cal Clutterbuck.
9:21 of 3rd period - Stopped by Jonathan Bernier without a rebound.
9:22 of 3rd period - Marcus Johansson wins face-off versus Beau Bennett in Canadiens zone.
9:46 of 3rd period - Shot by Beau Bennett.
9:46 of 3rd period - Stopped by Jonathan Bernier without a rebound.
9:46 of 3rd period - Minor Penalty to Josh Morrissey for Tripping.
9:47 of 3rd period - Nick Shore wins face-off versus Nolan Patrick in Canadiens zone.
9:53 of 3rd period - Icing by Travis Hamonic.
9:54 of 3rd period - Nolan Patrick wins face-off versus Nick Shore in MapleLeafs zone.
10:46 of 3rd period - Shot by Brian Gibbons.
10:46 of 3rd period - Shot Blocked by Radko Gudas.
10:48 of 3rd period - Shot by Jakob Silfverberg.
10:48 of 3rd period - Goal by Jakob Silfverberg - MapleLeafs : 3 - Canadiens : 4.
10:49 of 3rd period - Nolan Patrick wins face-off versus Zack Smith in neutral zone.
11:42 of 3rd period - Shot by Patrick Marleau.
11:42 of 3rd period - Shot Blocked by Zack Smith.
11:52 of 3rd period - Shot by Jamie Oleksiak.
11:52 of 3rd period - Stopped by Jonathan Bernier without a rebound.
11:53 of 3rd period - Auston Matthews wins face-off versus Adam Henrique in Canadiens zone.
12:06 of 3rd period - Shot by Teuvo Teravainen.
12:06 of 3rd period - Stopped by Antti Niemi without a rebound.
12:07 of 3rd period - Peter Holland wins face-off versus John Tavares in MapleLeafs zone.
12:07 of 3rd period - Mikhail Sergachev is hit by Jakob Silfverberg and loses puck.
12:21 of 3rd period - Peter Holland is hit by Ivan Provorov and loses puck.
12:29 of 3rd period - Alex DeBrincat is hit by Ivan Provorov and loses puck.
13:14 of 3rd period - Shot by Auston Matthews.
13:14 of 3rd period - Shot Blocked by Leo Komarov.
13:16 of 3rd period - Shot by Cam Fowler.
13:16 of 3rd period - Shot Misses the Net.
14:10 of 3rd period - Shot by Patrick Marleau.
14:10 of 3rd period - Shot Misses the Net.
14:12 of 3rd period - Shot by Travis Hamonic.
14:12 of 3rd period - Stopped by Jonathan Bernier without a rebound.
14:13 of 3rd period - Nick Shore wins face-off versus Alex DeBrincat in Canadiens zone.
14:19 of 3rd period - Off-side.
14:20 of 3rd period - Adam Henrique wins face-off versus Zack Smith in neutral zone.
14:35 of 3rd period - Icing by Anthony Duclair.
14:36 of 3rd period - Adam Henrique wins face-off versus Jakob Silfverberg in MapleLeafs zone.
14:47 of 3rd period - Shot by Adam Henrique.
14:47 of 3rd period - Stopped by Jonathan Bernier with a rebound.
15:00 of 3rd period - Off-side.
15:01 of 3rd period - Jordan Eberle wins face-off versus Peter Holland in neutral zone.
15:24 of 3rd period - Shot by Alex DeBrincat.
15:24 of 3rd period - Stopped by Jonathan Bernier without a rebound.
15:25 of 3rd period - Nolan Patrick wins face-off versus Marcus Johansson in Canadiens zone.
15:34 of 3rd period - Shot by Nolan Patrick.
15:34 of 3rd period - Shot Blocked by Alexander Edler.
16:31 of 3rd period - Shot by Auston Matthews.
16:31 of 3rd period - Shot Misses the Net.
16:33 of 3rd period - Shot by Ivan Provorov.
16:33 of 3rd period - Shot Misses the Net.
16:52 of 3rd period - Minor Penalty to Jordan Eberle for Hooking.
16:53 of 3rd period - Nick Shore wins face-off versus Nolan Patrick in Canadiens zone.
17:02 of 3rd period - Shot by Alex DeBrincat.
17:02 of 3rd period - Stopped by Jonathan Bernier without a rebound.
17:03 of 3rd period - Nolan Patrick wins face-off versus Nick Shore in Canadiens zone.
17:54 of 3rd period - Shot by Adam Henrique.
17:54 of 3rd period - Shot Blocked by Cam Fowler.
17:56 of 3rd period - Shot by Patrick Marleau.
17:56 of 3rd period - Shot Misses the Net.
17:58 of 3rd period - Shot by Adam Henrique.
17:58 of 3rd period - Stopped by Jonathan Bernier with a rebound.
18:00 of 3rd period - Shot by Patrick Marleau.
18:00 of 3rd period - Shot Blocked by Alexander Edler.
18:04 of 3rd period - Shot by Travis Hamonic.
18:04 of 3rd period - Stopped by Jonathan Bernier without a rebound.
18:05 of 3rd period - Nolan Patrick wins face-off versus Nick Shore in Canadiens zone.
18:16 of 3rd period - Shot by Alex DeBrincat.
18:16 of 3rd period - Shot Misses the Net.
18:18 of 3rd period - Shot by Travis Hamonic.
18:18 of 3rd period - Stopped by Jonathan Bernier without a rebound.
18:19 of 3rd period - Zack Smith wins face-off versus Adam Henrique in Canadiens zone.
18:28 of 3rd period - Shot by Craig Smith.
18:28 of 3rd period - Shot Misses the Net.
18:30 of 3rd period - Shot by Dmitry Kulikov.
18:30 of 3rd period - Stopped by Jonathan Bernier without a rebound.
18:31 of 3rd period - Nick Shore wins face-off versus Adam Henrique in Canadiens zone.
18:55 of 3rd period - Minor Penalty to Michael Stone for Tripping.
18:56 of 3rd period - Nolan Patrick wins face-off versus Nick Shore in Canadiens zone.
18:57 of 3rd period - Shot by Leo Komarov.
18:57 of 3rd period - Shot Misses the Net.
18:59 of 3rd period - Shot by Dmitry Kulikov.
18:59 of 3rd period - Stopped by Jonathan Bernier with a rebound.
19:01 of 3rd period - MapleLeafs, Antti Niemi is pulled from the net.
19:01 of 3rd period - Shot by Alex DeBrincat.
19:01 of 3rd period - Shot Hit the Post.
19:03 of 3rd period - Shot by Radko Gudas.
19:03 of 3rd period - Stopped by Jonathan Bernier with a rebound.
19:05 of 3rd period - Shot by Dmitry Kulikov.
19:05 of 3rd period - Shot Blocked by Cam Fowler.
19:07 of 3rd period - Shot by Leo Komarov.
19:07 of 3rd period - Stopped by Jonathan Bernier with a rebound.
19:09 of 3rd period - Shot by Nolan Patrick.
19:09 of 3rd period - Stopped by Jonathan Bernier with a rebound.
19:11 of 3rd period - Shot by Nolan Patrick.
19:11 of 3rd period - Stopped by Jonathan Bernier without a rebound.
19:12 of 3rd period - Zack Smith wins face-off versus Nolan Patrick in Canadiens zone.
19:36 of 3rd period - Off-side.
19:37 of 3rd period - Adam Henrique wins face-off versus Nick Shore in neutral zone.
Goals for this period are 0 for MapleLeafs vs 1 for Canadiens.
Shots for this period are 18 for MapleLeafs vs 3 for Canadiens.